AoeStats
← PickledCabbage

Arena

510691386Analyzed
1v1 RM · 9h ago on Oct 2, 2026· 44m 1s· 2 players
Game mode
Random Map
Map size
Tiny (2 player)
Population
200
Speed
Normal
Resources
Standard
Victory
Conquest
Starting age
Dark Age
Ending age
Imperial Age
RankedLock teamsTeams togetherTeam positionsShared explorationLock speedFull tech treeHidden civsTurbo modeCheats
Victory
Defeat
🇲🇽 Gurjaras · Mexico
1413
+18
🇨🇦 Tatars · Canada
1451
-18
Rubén_Wolfgang
10:21 Feudal Age
14:30 Castle Age
12:33 Double-Bit Axe
12:43 Horse Collar
16:12 Wheelbarrow
16:07 Bow Saw
20:24 Heavy Plow
20:51 Loom
22:19 Hand Cart
27:19 Imperial Age
24:46 Gold Mining
25:28 Town Watch
26:09 Bloodlines
26:00 Husbandry
26:07 Scale Barding Armor
26:29 Stone Mining
27:14 Gold Shaft Mining
26:34 Elite Skirmisher
27:36 Chain Barding Armor
27:10 Fletching
29:16 Chemistry
27:41 Heavy Camel Rider
28:33 Bodkin Arrow
28:54 Padded Archer Armor
29:25 Bracer
29:49 Ballistics
30:59 Crop Rotation
31:39 Leather Archer Armor
32:05 Plate Barding Armor
32:54 Conscription
32:57 Treadmill Crane
33:27 Masonry
33:32 Forging
35:44 Iron Casting
36:14 Architecture
40:20 Light Cavalry
41:55 Hussar
43:24 Elite Shrivamsha Rider
PickledCabbage
10:35 Feudal Age
14:33 Castle Age
12:41 Double-Bit Axe
12:57 Horse Collar
15:08 Pikeman
17:34 Gold Mining
19:39 Loom
23:38 Bow Saw
24:13 Town Watch
24:51 Stone Mining
25:50 Heavy Plow
26:50 Fletching
29:10 Wheelbarrow
31:42 Imperial Age
29:25 Scale Mail Armor
29:36 Forging
29:46 Squires
29:32 Arson
30:11 Padded Archer Armor
30:41 Ballistics
30:55 Bodkin Arrow
32:38 Gold Shaft Mining
32:26 Leather Archer Armor
34:37 Chemistry
33:49 Masonry
33:43 Bracer
33:57 Bloodlines
33:47 Husbandry
34:44 Ring Archer Armor
34:30 Heavy Cavalry Archer
36:44 Conscription
36:26 Elite Skirmisher
38:10 Iron Casting
37:41 Scale Barding Armor
40:30 Hand Cart
40:32 Heavy Camel Rider
42:10 Cavalier
42:13 Heavy Camel Rider
43:51 Murder Holes
44:02 Siege Engineers
Connection lost

Rejoining the realm…

Still unreachable

The connection could not be restored.

Session expired

The server has moved on; the page needs a fresh start.